 Dungeon Crawl Stone Soup version 0.31-a0-164-g2312942fda (webtiles) character file.

Game seed: 13197568976458433664

240 Dittersdorf the Covered (level 6, 0/39 HPs)
             Began as a Gargoyle Fighter on June 13, 2023.
             Slain by Duvessa
             ... wielding a +1 short sword of freezing
              (1 damage)
             ... on level 4 of the Dungeon.
             The game lasted 00:03:13 (2513 turns).

Dittersdorf the Covered (Gargoyle Fighter)          Turns: 2513, Time: 00:03:14

Health: 0/39       AC: 14    Str: 21    XL:     6   Next: 8%
Magic:  6/6        EV:  8    Int:  9    God:
Gold:   202        SH:  5    Dex: 15    Spells: 5/5 levels left

rFire   . . .        a - +0 flail
rCold   . . .        c - +0 buckler
rNeg    + . .        r - +0 chain mail
rPois   ∞            (no helmet)
rElec   +            (no cloak)
rCorr   .            (no gloves)
SInv    .            (no boots)
Will    .....        (no amulet) Stlth
                     o - +6 ring of dexterity
HPRegen 0.26/turn    (no ring)
MPRegen 0.10/turn

%: no passive effects
@: no status effects
A: sickness immunity, AC +4, negative energy resistance 1, electricity
resistance, torment resistance 1, petrification resistance
a: no special abilities


You were on level 4 of the Dungeon.
You visited 1 branch of the dungeon, and saw 4 of its levels.

You collected 202 gold pieces.

Inventory:

Hand Weapons
 a - a +0 flail (weapon)
Missiles
 j - a throwing net
Armour
 c - a +0 buckler (worn)
 r - a +0 chain mail (worn)
Jewellery
 o - a +6 ring of dexterity (left hand)
Scrolls
 e - 4 scrolls of torment {unknown}
 f - a scroll of fear {unknown}
 h - a scroll of acquirement {unknown}
 k - 3 scrolls of identify {unknown}
 m - a scroll of amnesia {unknown}
 p - 2 scrolls of poison {unknown}
 s - a scroll of enchant weapon {unknown}
Potions
 b - a potion of cancellation {unknown}
 d - 2 potions of might
 g - 4 potions of curing {unknown}
 i - a potion of heal wounds {unknown}
 l - a potion of attraction {unknown}
 n - a potion of haste {unknown}
 q - a potion of enlightenment {unknown}


   Skills:
 + Level 4.5 Fighting
 + Level 3.5 Maces & Flails
 + Level 4.6 Armour
 + Level 4.6 Shields


You had 5 spell levels left.
You didn't know any spells.
Your spell library contained the following spells:

 Spells                   Type           Power      Damage    Failure   Level
 Beastly Appendage        Tmut           0%         N/A       97%         1
 Blink                    Tloc           0%         N/A       99%         2
 Lesser Beckoning         Tloc           0%         N/A       99%         2
 Momentum Strike          Conj/Tloc      0%         3d8       99%         2
 Wereblood                Tmut           0%         N/A       99%         2
 Spider Form              Tmut/Pois      0%         N/A       100%        3


Dungeon Overview and Level Annotations

Branches:
Dungeon (4/15)
 Temple: D:4-7

Altars:
Fedhas

Shops:
D:4 [

Annotations:
D:1 1 transporter
D:4 Dowan, Duvessa


Innate Abilities, Weirdness & Mutations

You are immune to sickness and miasma.
Your stone body is resilient. (AC +4)
You are immune to poison.
You resist negative energy. (rN+)
You are resistant to electric shocks. (rElec)
You are resistant to unholy torment.
You are immune to petrification.


Message History

The orc hits you but does no damage. The phantom hits you.
* * * LOW HITPOINT WARNING * * *
Duvessa hits you but does no damage. The phantom attacks as you move away!
The phantom hits you but does no damage.
Duvessa hits you but does no damage.
Duvessa gestures with her weapon.
Duvessa says, "Where magic fails, the sword succeeds!"
Dowan says, "Stay away from my face!"
Duvessa attacks as you move away! Duvessa barely misses you.
Duvessa attacks as you move away! You block Duvessa's attack.
Duvessa says, "Did you see that move?
Perfect!"
Dowan says, "Stay away from my face!"
Duvessa hits you with a +1 short sword of freezing.
* * * LOW HITPOINT WARNING * * *
Duvessa freezes you.
* * * LOW HITPOINT WARNING * * *
You open the door. You block Duvessa's attack.
Dowan mumbles some strange words.
Dowan blinks!
The phantom attacks as you move away!
The phantom hits you but does no damage.
There is an open door here.
Duvessa attacks as you move away! Duvessa barely misses you.
Duvessa hits you with a +1 short sword of freezing.
* * * LOW HITPOINT WARNING * * *
Duvessa freezes you.
* * * LOW HITPOINT WARNING * * *
Duvessa attacks as you move away! Duvessa hits you but does no damage.
Duvessa says, "When magic and the sword combine, nothing stands against them."
Duvessa is no longer moving quickly.
Duvessa says, "My weaknesses are his strengths!"
You block Duvessa's attack. Duvessa attacks as you move away!
Duvessa completely misses you. Duvessa attacks as you move away!
Duvessa hits you but does no damage. Duvessa attacks as you move away!
Duvessa hits you with a +1 short sword of freezing!
* * * LOW HITPOINT WARNING * * *
Duvessa freezes you.
You die...

......#..##..###+##..###..##
......#..##### # #..#
##.####### #§.## ##.####..#
#...# .......).# ##+# #...#
.........######..# #o..#
..........#......###+###oBo#
#..##.<..##......##...##..##
#####....###'##.@e.WB.##..#
#.....##..##....e...o).##
#..........#........#...#
#..........#........#...#
##.....#.###..####.##...#
######### #..####)##.###
........)....#
#.............#
#####..##..#..#


You could see Duvessa, a phantom, Dowan, an orc and a giant cockroach.

Vanquished Creatures
  An orc priest (D:3)
  3 orc wizards
  3 gnolls (D:2)
  4 adders
  5 dart slugs
  6 orcs
  3 endoplasms
  2 giant cockroaches (D:2)
  4 goblins
  8 hobgoblins
  2 quokkas
  2 ball pythons
  3 bats
  A frilled lizard (D:1)
  7 kobolds
  6 rats
60 creatures vanquished.

Notes
Turn   | Place    | Note
-------+----------+-------------------------------------------
     0 | D:1      | Dittersdorf the Gargoyle Fighter began the quest for the
                  | Orb.
     0 | D:1      | Reached XP level 1. HP: 14/14 MP: 1/1
   170 | D:1      | Reached XP level 2. HP: 19/19 MP: 2/2
   428 | D:1      | Reached XP level 3. HP: 21/23 MP: 3/3
   710 | D:2      | Reached XP level 4. HP: 27/29 MP: 4/4
  1506 | D:3      | Reached XP level 5. HP: 14/33 MP: 5/5
  2051 | D:3      | Found a faded altar of an unknown god.
  2262 | D:4      | Found Qumaceje's Antique Armour Boutique.
  2349 | D:4      | Found a blossoming altar of Fedhas.
  2481 | D:4      | Noticed a phantom
  2483 | D:4      | Noticed Duvessa
  2487 | D:4      | Noticed Dowan
  2491 | D:4      | Reached XP level 6. HP: 32/39 MP: 6/6
  2513 | D:4      | HP: 1/39 [Duvessa/+1 short sword of freezing (7)]
  2513 | D:4      | Slain by Duvessa

Illustrated notes

Levels and vault maps discovered:
D:1:      spicycebolla_arrival_risky_transporter, layout_basic,
          nicolae_kite_square_tiling_tiny
D:2:      layout_loops_ring
D:3:      layout_loops_corners, hellmonk_ecumenical_altar_heavens_door,
          chequers_mini_garden
D:4:      layout_gridville, fedhas_altar_4, serial_shops, shop,
          kennysheep_flooded_box, nicolae_concentric_dashed_squares_mild,
          uniq_duvessa

Skill      XL: |  1  2  3  4 |
---------------+-------------+-----
Shields        | 4 |  4.6
Armour         | 4 |  4.6
Fighting       | 4 |  4.5
Maces & Flails | 3 |  3.5

Action                     |  1- 3 |  4- 6 || total
---------------------------+-------+-------++-------
  Melee: Flail             |   123 |   129 ||   252
 Armour: Scale mail        |    85 |    56 ||   141
         Chain mail        |       |    30 ||    30
  Dodge: Dodged            |    71 |    69 ||   140
  Block: Buckler           |    36 |    28 ||    64

Table legend: (Time is in decaauts)
 A = Elapsed time spent in this place.
 B = Non-inter-level travel time spent in this place.
 C = Inter-level travel time spent in this place.
 D = Time resting spent in this place.
 E = Time spent auto-exploring this place.
 F = Levels seen in this place.
 G = Mean time per level.
                   A        B        C        D        E       F      G
               +--------+--------+--------+--------+--------+-----+--------+
         Total |   2586 |   2524 |     62 |    148 |   1716 |   4 |  646.5 |
       Dungeon |   2586 |   2524 |     62 |    148 |   1716 |   4 |  646.5 |
               +--------+--------+--------+--------+--------+-----+--------+

Top non-repeatable levels by time:
     D:3: 994 daAuts
     D:2: 720 daAuts
     D:1: 618 daAuts
     D:4: 254 daAuts
